[Event "Titled Tuesday Blitz February 15 Early 2022"]
[White "Osmonbekov, Talaibek"]
[Black "Musovic, Armin"]
[WhiteFideId "2017253"]
[BlackFideId "939935"]
[WhiteElo "2135"]
[BlackElo "2250"]
[Result "0-1"]
[Round "11"]
[TimeControl "180+1"]
[Date "2022.02.15"]
[WhiteClock "0:00:01"]
[BlackClock "0:00:20"]

1. d4 d5 2. Nc3 c5 3. Bf4 Nc6 4. e3 a6 5. Nf3 Bg4 6. Be2 e6 7. O-O Nf6 8. h3 Bxf3 9. Bxf3 cxd4 10. exd4 Qb6 11. Re1 Be7 12. Ne2 Qxb2 13. Rb1 Qxa2 14. Rxb7 O-O 15. Qd2 Rfc8 16. Nc1 Qa3 17. Re3 Qa1 18. c3 Ba3 19. Re1 Na5 20. Rb3 Bxc1 21. Rxc1 Nxb3 22. Rxa1 Nxd2 23. Bxd2 Ne4 24. Bxe4 dxe4 25. Ra5 f5 26. Kf1 Kf7 27. Ke2 Ke7 28. h4 Kd7 29. Ke3 Rcb8 30. d5 Rb5 31. dxe6+ Kxe6 32. Ra4 Rd5 33. c4 Rd3+ 34. Ke2 Ke5 35. g3 Kd4 36. Be3+ Kc3 37. c5 Kb3 38. Ra1 Rc3 39. Rb1+ Ka2 40. Rb7 a5 41. Rxg7 a4 0-1


[Site "https://www.chess.com"]

[Event "Titled Tuesday Blitz February 15 Early 2022"]
[White "Papasimakopoulos, Alexandros"]
[Black "Sharapov, Evgeny"]
[WhiteFideId "4244125"]
[BlackFideId "14103133"]
[WhiteElo "2340"]
[BlackElo "2367"]
[Result "1-0"]
[Round "11"]
[TimeControl "180+1"]
[Date "2022.02.15"]
[WhiteClock "0:00:22"]
[BlackClock "0:00:08"]

1. d4 d5 2. c4 c6 3. cxd5 cxd5 4. Bf4 Nc6 5. e3 Nf6 6. Nc3 a6 7. Bd3 Bg4 8. Nge2 Bxe2 9. Qxe2 e6 10. O-O Be7 11. Rac1 O-O 12. Na4 Nd7 13. a3 Rc8 14. Nc5 Nxc5 15. dxc5 e5 16. Bg3 d4 17. Rfd1 Bf6 18. Be4 g6 19. b4 Qe7 20. Bxc6 Rxc6 21. exd4 exd4 22. Qxe7 Bxe7 23. Rxd4 b6 24. Bd6 Bf6 25. Rd3 Rfc8 26. f4 bxc5 27. bxc5 Bb2 28. Rb1 Bg7 29. Rb6 Bf8 30. Rxc6 Rxc6 31. Kf2 Bxd6 32. cxd6 Rc8 33. Ke3 Kf8 34. Ke4 Rc4+ 35. Rd4 Rc8 36. Ke5 Rb8 37. Kf6 h6 38. d7 Rb6+ 39. Ke5 Re6+ 40. Kd5 Ke7 41. Re4 Rxe4 42. Kxe4 Kxd7 43. Kd5 f6 44. g4 g5 45. f5 a5 46. a4 1-0


[Site "https://www.chess.com"]

[Event "Titled Tuesday Blitz February 15 Early 2022"]
[White "Petrova, Irina"]
[Black "Jakubowska, Anna"]
[WhiteFideId "14124122"]
[BlackFideId "1121952"]
[WhiteElo "1988"]
[BlackElo "1924"]
[Result "1-0"]
[Round "11"]
[TimeControl "180+1"]
[Date "2022.02.15"]
[WhiteClock "0:01:14"]
[BlackClock "0:00:11"]

1. e4 Nf6 2. e5 Nd5 3. d4 d6 4. exd6 cxd6 5. c4 Nb6 6. Nc3 g6 7. Be3 Bg7 8. Rc1 O-O 9. b3 Nc6 10. h3 e5 11. d5 Ne7 12. Nf3 f5 13. Be2 e4 14. Ng5 h6 15. Ne6 Bxe6 16. dxe6 f4 17. Bxb6 Qxb6 18. Nd5 Qd8 19. Nxe7+ Qxe7 20. Qd5 f3 21. gxf3 exf3 22. Bxf3 Rf5 23. Qxb7 Qxe6+ 24. Kf1 Raf8 25. Bd5 Rxd5 26. Qxd5 Kf7 27. Qxe6+ Kxe6 28. Kg2 Be5 29. Rhe1 Kf5 30. c5 d5 31. c6 Rc8 32. Kf3 Ke6 33. Ke3 Kd6 34. Kd3 Bf4 35. Rc2 g5 36. b4 a6 37. a4 Kc7 38. b5 axb5 39. axb5 Kb6 40. Rb2 Ra8 41. Re7 Ra3+ 42. Kd4 Bd6 43. Rb7+ Ka5 44. c7 Bxc7 45. Rxc7 Kb6 46. Rc6+ Kb7 47. Kxd5 Rxh3 48. Rg6 Rf3 49. b6 Rf5+ 50. Ke6 Rc5 51. Rg7+ Kb8 52. b7 Rc6+ 53. Kd5 1-0


[Site "https://www.chess.com"]

[Event "Titled Tuesday Blitz February 15 Early 2022"]
[White "Piliczewski, Bogusz"]
[Black "Van den Dikkenberg, Erik"]
[WhiteFideId "1104144"]
[BlackFideId "1005880"]
[WhiteElo "1896"]
[BlackElo "2118"]
[Result "0-1"]
[Round "11"]
[TimeControl "180+1"]
[Date "2022.02.15"]
[WhiteClock "0:00:01"]
[BlackClock "0:01:09"]

1. d4 Nf6 2. Nf3 g6 3. Bf4 Bg7 4. e3 d6 5. h3 O-O 6. Be2 Bf5 7. O-O Nbd7 8. c4 c6 9. Nc3 Ne4 10. Rc1 e5 11. Bh2 Qe7 12. dxe5 dxe5 13. Nxe4 Bxe4 14. Nd2 Bf5 15. e4 Be6 16. b3 Rad8 17. Qc2 a5 18. Rfd1 Nc5 19. f3 Bh6 20. Kh1 Bc8 21. Rb1 Rd4 22. Bg1 Rdd8 23. Nf1 Ne6 24. Be3 Bxe3 25. Nxe3 Nd4 26. Qb2 Qg5 27. Nf1 Qh4 28. Kh2 Bxh3 29. g3 Qh5 30. Ne3 Bf1+ 31. Kg1 Bxe2 32. Rxd4 exd4 33. Qxe2 dxe3 34. Qxe3 Qe5 35. Kg2 Qd4 36. Qxd4 Rxd4 37. Rb2 Rfd8 38. Kf1 Rd2 39. Rxd2 Rxd2 0-1


[Site "https://www.chess.com"]

[Event "Titled Tuesday Blitz February 15 Early 2022"]
[White "Pinheiro, Iung Alicio de O."]
[Black "Ferreira, Vitor Hugo Vieira"]
[WhiteFideId "2104350"]
[BlackFideId "2119765"]
[WhiteElo "2637"]
[BlackElo "2216"]
[Result "1/2-1/2"]
[Round "11"]
[TimeControl "180+1"]
[Date "2022.02.15"]
[WhiteClock "0:00:19"]
[BlackClock "0:00:08"]

1. e4 c5 2. Nf3 d6 3. c3 Nf6 4. h3 Nc6 5. Bd3 g6 6. O-O Bg7 7. Bc2 O-O 8. d4 e5 9. dxe5 dxe5 10. Qe2 h6 11. Rd1 Qe7 12. Nbd2 Be6 13. Bb3 Rad8 14. Bxe6 Qxe6 15. Re1 Nh5 16. Qc4 Qd7 17. Qxc5 Nf4 18. Qe3 h5 19. Nc4 Qe6 20. b3 Rd3 21. Qc5 Rxf3 22. gxf3 Nd3 23. Qe3 Nxe1 24. Qxe1 Qxh3 25. Ba3 Rd8 26. Qe3 Kh7 27. Nd6 Bh6 28. f4 Qg4+ 29. Qg3 exf4 30. Qxg4 hxg4 31. Nxf7 Rd2 32. e5 Bg7 33. Re1 Rxa2 34. Bd6 f3 35. e6 Bf6 36. e7 Nxe7 37. Bxe7 g3 38. Bc5 Bxc3 39. Rd1 gxf2+ 40. Bxf2 Rb2 41. Ng5+ Kh6 42. Nxf3 Rxb3 43. Rd3 Rb1+ 44. Kg2 Bf6 45. Be3+ Kg7 46. Rd7+ Kg8 47. Bxa7 b5 48. Rb7 b4 49. Bd4 Bxd4 50. Nxd4 Rb2+ 51. Kf3 Rb1 52. Kf4 Kf8 53. Ke5 Kg8 54. Kf6 Rf1+ 55. Kxg6 Rg1+ 56. Kf6 Rf1+ 57. Nf5 Rb1 58. Rb8+ Kh7 59. Rb7+ Kg8 60. Nh6+ Kf8 61. Nf5 Ke8 62. Nd6+ Kd8 63. Ke6 Re1+ 64. Kd5 Rd1+ 65. Kc6 Rc1+ 66. Kd5 Rd1+ 67. Ke5 Re1+ 68. Ne4 Rb1 69. Kd4 b3 70. Kc3 b2 71. Nd2 Rd1 72. Rxb2 Rc1+ 73. Kd3 Rc6 74. Nc4 Ke7 75. Kd4 Ke6 76. Re2+ Kf5 77. Rf2+ Kg5 78. Rf8 Rc7 79. Rg8+ Kf6 80. Ne5 Ra7 81. Rf8+ Ke6 82. Re8+ Kf6 83. Nc4 Rd7+ 84. Kc3 Rc7 85. Re1 Kf7 86. Rf1+ Ke6 87. Kd4 Rd7+ 88. Ke4 Ra7 89. Rh1 Ra4 90. Rh6+ Ke7 91. Kd5 Ra1 92. Rh7+ Kf6 93. Rh6+ Kg5 94. Rh2 Rd1+ 95. Ke4 Kg6 96. Ne5+ Kg7 97. Rg2+ Kf8 98. Nf3 Ke7 99. Rg6 Ra1 100. Rb6 Ra3 101. Nd4 Ra1 102. Kd5 Ra5+ 103. Kc4 Ra1 104. Rb7+ Kd6 105. Rb6+ Ke5 106. Re6+ Kf4 107. Re2 Kg5 108. Kd5 Kg6 109. Rg2+ Kf7 110. Ke5 Re1+ 111. Kd6 Ra1 112. Rf2+ Kg6 113. Nc6 Kg5 114. Ke6 Kg4 115. Ne5+ Kg3 116. Rf8 Ra6+ 117. Kf5 Ra1 118. Rg8+ Kf2 119. Ke4 Re1+ 120. Kf4 Ra1 121. Nd3+ Ke2 122. Rg3 1/2-1/2


[Site "https://www.chess.com"]

[Event "Titled Tuesday Blitz February 15 Early 2022"]
[White "Pires, Marcos Vinicius Torsani"]
[Black "Komissarov, Alexey"]
[WhiteFideId "2118939"]
[BlackFideId "4176545"]
[WhiteElo "2273"]
[BlackElo "2216"]
[Result "1-0"]
[Round "11"]
[TimeControl "180+1"]
[Date "2022.02.15"]
[WhiteClock "0:00:37"]
[BlackClock "0:00:13"]

1. d4 d5 2. Bf4 Nf6 3. e3 Bf5 4. c4 Nc6 5. Nc3 e6 6. Nf3 Bb4 7. cxd5 Nxd5 8. Qb3 Nxf4 9. exf4 Nxd4 10. Nxd4 Qxd4 11. Be2 Qxf4 12. O-O O-O 13. g3 Qd6 14. Rfd1 Qe7 15. a3 Bxc3 16. Qxc3 Rfd8 17. Bf3 c6 18. b4 Rxd1+ 19. Rxd1 Rd8 20. Rd4 Qf6 21. Rxd8+ Qxd8 22. Qc5 Qb6 23. Qe7 g6 24. h4 h5 25. Qg5 Kf8 26. Qf6 Ke8 27. Kg2 Qd8 28. Qh8+ Kd7 29. Qe5 Qc7 30. Qf6 Ke8 31. Qh8+ Ke7 32. Qd4 b6 33. Qc4 c5 34. b5 Qd6 35. Bc6 Qd4 36. Qe2 e5 37. Qf3 c4 38. a4 c3 39. a5 c2 40. Qa3+ Qc5 41. Qc1 Qc3 42. axb6 axb6 43. Qg5+ f6 44. Qh6 c1=Q 45. Qg7+ 1-0


[Site "https://www.chess.com"]

[Event "Titled Tuesday Blitz February 15 Early 2022"]
[White "Przybylski, Wojciech"]
[Black "Hakemi, Arman"]
[WhiteFideId "1117599"]
[BlackFideId "22520805"]
[WhiteElo "2133"]
[BlackElo "2208"]
[Result "0-1"]
[Round "11"]
[TimeControl "180+1"]
[Date "2022.02.15"]
[WhiteClock "0:00:01"]
[BlackClock "0:01:36"]

1. e4 e6 2. d4 d5 3. Nc3 Nf6 4. Bg5 Bb4 5. Ne2 dxe4 6. a3 Be7 7. Bxf6 Bxf6 8. Nxe4 O-O 9. Qd3 Be7 10. O-O-O b6 11. g3 Ba6 12. c4 Nd7 13. Bg2 Rc8 14. N4c3 c5 15. d5 Ne5 16. Qe4 Nxc4 17. dxe6 Nd6 18. exf7+ Rxf7 19. Qe3 Kh8 20. Bd5 Rf8 21. Nf4 Nf5 22. Qe6 Rf6 23. Qe4 Nd4 24. Kb1 Bd6 25. Nh3 Qd7 26. Ng5 Qf5 27. Qxf5 Rxf5 28. Nf7+ Rxf7 29. Bxf7 Rf8 30. Bd5 Rxf2 31. Rhe1 g6 32. Ne4 Rf5 33. Ba2 Bf8 34. h4 Rf3 35. Ng5 Bd3+ 36. Kc1 Rxg3 37. Re8 Kg7 38. Ne6+ Nxe6 39. Rxe6 Bf5 40. Rc6 Kh6 41. Bb1 Bg4 42. Rd8 Be7 43. Re8 Bxh4 44. Rc7 Bg5+ 45. Kc2 Bf5+ 46. Kd1 Rg1+ 47. Ke2 Rxb1 48. Rh8 Rxb2+ 49. Kf3 Rb3+ 50. Ke2 Kh5 51. Rhxh7+ Kg4 52. Rxa7 Rb2+ 53. Kd1 Kf3 54. Rh8 Rb1# 0-1


[Site "https://www.chess.com"]

[Event "Titled Tuesday Blitz February 15 Early 2022"]
[White "Qashashvili, Alexandre"]
[Black "Gulatz, Maurice"]
[WhiteFideId "13600842"]
[BlackFideId "24642746"]
[WhiteElo "2316"]
[BlackElo "2150"]
[Result "0-1"]
[Round "11"]
[TimeControl "180+1"]
[Date "2022.02.15"]
[WhiteClock "0:00:02"]
[BlackClock "0:00:11"]

1. e4 c6 2. d4 d5 3. Nc3 dxe4 4. Nxe4 Bf5 5. Ng3 Bg6 6. Nf3 Nd7 7. Bd3 Ngf6 8. Bxg6 hxg6 9. Bf4 e6 10. O-O Be7 11. Ne5 O-O 12. Nxd7 Qxd7 13. c3 Rfd8 14. Qe2 c5 15. dxc5 Bxc5 16. Rfd1 Qc6 17. Be3 Be7 18. h3 a6 19. Rxd8+ Rxd8 20. Rd1 Rxd1+ 21. Qxd1 Nd5 22. Bd4 Nf4 23. f3 Bc5 24. Bxc5 Qxc5+ 25. Kh2 Qc7 26. h4 Nh5 27. Qe1 Qf4 28. Kh3 Nf6 29. Qd1 Qc7 30. Qd4 Nd5 31. Ne4 Qf4 32. Ng5 Qxd4 33. cxd4 Nb4 34. a3 Nc2 35. Ne4 Nxd4 36. Nc5 Kf8 37. Nxb7 Ke7 38. Nc5 a5 39. b4 axb4 40. axb4 Nb5 41. Nd3 Kd6 42. Kg3 Kd5 43. Kf2 Kd4 44. Ke2 e5 45. g4 f5 46. h5 gxh5 47. gxh5 e4 48. fxe4 fxe4 49. Nf4 Nc3+ 50. Ke1 e3 51. Ne6+ Kd3 52. Nxg7 Ne4 53. Ne6 Nd2 54. Nf4+ Ke4 55. Ne2 Nf3+ 56. Kd1 Ng5 57. h6 Kd5 58. Kc2 Kc4 0-1


[Site "https://www.chess.com"]

[Event "Titled Tuesday Blitz February 15 Early 2022"]
[White "Rodchenkov, Sergey D."]
[Black "Popadic, Dragan"]
[WhiteFideId "4168712"]
[BlackFideId "913650"]
[WhiteElo "2306"]
[BlackElo "2199"]
[Result "1-0"]
[Round "11"]
[TimeControl "180+1"]
[Date "2022.02.15"]
[WhiteClock "0:00:47"]
[BlackClock "0:00:58"]

1. e4 c5 2. Nf3 Nc6 3. d4 cxd4 4. Nxd4 Nf6 5. Nc3 e5 6. Ndb5 d6 7. Nd5 Nxd5 8. exd5 Nb8 9. a4 Be7 10. Be2 O-O 11. O-O Nd7 12. Bd2 a6 13. Na3 a5 14. Nb5 Nc5 15. c4 f5 16. b4 axb4 17. Bxb4 b6 18. Bxc5 bxc5 19. Qd2 Ra5 20. Rfb1 Bd7 21. Bd1 e4 22. Ra2 f4 23. Bc2 e3 24. fxe3 fxe3 25. Qxe3 Bg5 26. Qd3 Bf5 27. Qxf5 Rxf5 28. Bxf5 g6 29. Be6+ Kg7 30. Rf1 Be3+ 31. Kh1 Qh4 32. Nxd6 Bf4 33. g3 Bxg3 34. Ne8+ Kh6 35. Rg2 Qe7 36. Nf6 Bh4 37. Ng8+ 1-0


[Site "https://www.chess.com"]

[Event "Titled Tuesday Blitz February 15 Early 2022"]
[White "Sadovsky, Artem"]
[Black "Zhu, Jiner"]
[WhiteFideId "4155840"]
[BlackFideId "8608059"]
[WhiteElo "2369"]
[BlackElo "2281"]
[Result "1-0"]
[Round "11"]
[TimeControl "180+1"]
[Date "2022.02.15"]
[WhiteClock "0:01:49"]
[BlackClock "0:00:47"]

1. Nf3 Nf6 2. e3 e6 3. c4 d5 4. b3 b6 5. Bb2 Bb7 6. Be2 Bd6 7. O-O O-O 8. d3 c5 9. Nbd2 Nbd7 10. Qc2 Qe7 11. Rad1 Rac8 12. e4 d4 13. b4 e5 14. b5 Nh5 15. Rfe1 g6 16. Bc1 Rce8 17. Nf1 Kg7 18. Ng3 Nf4 19. Bf1 h5 20. h4 f6 21. Nh1 g5 22. Ng3 Qe6 23. Nf5+ Kh8 24. g3 g4 25. Nh2 Ng6 26. Qd2 Ne7 27. Qh6+ Kg8 28. Qg7# 1-0


[Site "https://www.chess.com"]

[Event "Titled Tuesday Blitz February 15 Early 2022"]
[White "Sahil, Tickoo"]
[Black "Steenbekkers, Franck"]
[WhiteFideId "5019710"]
[BlackFideId "1004220"]
[WhiteElo "2099"]
[BlackElo "2131"]
[Result "1-0"]
[Round "11"]
[TimeControl "180+1"]
[Date "2022.02.15"]
[WhiteClock "0:00:58"]
[BlackClock "0:00:43"]

1. d4 Nf6 2. Bf4 g6 3. e3 Bg7 4. h4 h5 5. Nf3 c5 6. c3 Qb6 7. Qb3 d5 8. Nbd2 Nc6 9. Be2 c4 10. Qc2 Bf5 11. Qc1 Ne4 12. Nxe4 Bxe4 13. O-O e6 14. Bg5 O-O 15. Nd2 Bf5 16. b3 cxb3 17. axb3 e5 18. e4 dxe4 19. d5 Nd8 20. Be3 Rc8 21. Bxb6 1-0


[Site "https://www.chess.com"]

[Event "Titled Tuesday Blitz February 15 Early 2022"]
[White "Samadov, Read"]
[Black "Vokhidov, Shamsiddin"]
[WhiteFideId "13417444"]
[BlackFideId "14204223"]
[WhiteElo "2084"]
[BlackElo "2611"]
[Result "1/2-1/2"]
[Round "11"]
[TimeControl "180+1"]
[Date "2022.02.15"]
[WhiteClock "0:00:05"]
[BlackClock "0:00:07"]

1. d4 Nf6 2. c4 e6 3. Nf3 d5 4. g3 Bb4+ 5. Bd2 Be7 6. Bg2 c6 7. O-O b6 8. Ne5 Nfd7 9. Nxd7 Nxd7 10. Nc3 Bb7 11. b3 O-O 12. e4 c5 13. exd5 cxd4 14. Nb5 exd5 15. Nxd4 Bf6 16. Be3 Nc5 17. Rc1 Rc8 18. Nf5 dxc4 19. Bxc5 Bxg2 20. Bxf8 Bxf1 21. Qxf1 Kxf8 22. Rxc4 g6 23. Ne3 Bd4 24. Nc2 Bc5 25. b4 Bxf2+ 26. Kxf2 Qf6+ 27. Rf4 Rxc2+ 28. Kg1 Qe7 29. a3 Qe6 30. Rf3 Kg7 31. Qa1+ f6 32. Qd1 Re2 33. Qd8 Re1+ 34. Kg2 Qe2+ 35. Rf2 Qe4+ 36. Kh3 Qe6+ 37. Kg2 Qc6+ 38. Kh3 Re8 39. Rxf6 Qxf6 40. Qxe8 Qf1+ 41. Kh4 Qf6+ 42. Kh3 Qf5+ 43. Kg2 Qc2+ 44. Kh3 Qf5+ 45. Kg2 Qd5+ 46. Kg1 Qd1+ 47. Kg2 Qd2+ 48. Kh3 Qh6+ 49. Kg2 Qd2+ 50. Kh3 Qd6 51. Qa8 Qd7+ 52. Kg2 Qd2+ 53. Kh3 Qd7+ 54. Kg2 Qe7 55. Qc6 Qe2+ 56. Kh3 Qf1+ 57. Kh4 Qf7 58. Qe4 Qf6+ 59. Kh3 Qf1+ 60. Kh4 Qf6+ 61. Kh3 Qd6 62. Kg2 Qd2+ 63. Kh3 Qd6 64. Kg2 Qd7 65. Qe5+ Kf7 66. Qf4+ Kg7 67. Qe5+ Kf7 68. Qf4+ Ke7 69. Qe5+ Kf7 1/2-1/2


[Site "https://www.chess.com"]

[Event "Titled Tuesday Blitz February 15 Early 2022"]
[White "Samarth, J Rao"]
[Black "Allahverdiyeva, Ayan"]
[WhiteFideId "46652370"]
[BlackFideId "13412590"]
[WhiteElo "1514"]
[BlackElo "1910"]
[Result "0-1"]
[Round "11"]
[TimeControl "180+1"]
[Date "2022.02.15"]
[WhiteClock "0:00:03"]
[BlackClock "0:00:09"]

1. c4 d5 2. cxd5 Qxd5 3. Nc3 Qd8 4. d4 Nf6 5. e4 e6 6. f4 Be7 7. Nf3 O-O 8. e5 Nd5 9. Bd3 c5 10. h4 cxd4 11. Ne2 Ne3 12. Bxe3 dxe3 13. Nc3 Nc6 14. Qe2 Bc5 15. O-O-O Qa5 16. Bxh7+ Kh8 17. Ng5 Rd8 18. Nxf7+ Kxh7 19. Qh5+ Kg8 20. Nxd8 Nxd8 21. Qe8+ Kh7 22. Rxd8 Qxd8 23. Qxd8 b6 24. h5 Bb7 25. Qg5 e2 26. h6 g6 27. Nxe2 Be3+ 28. Kb1 Be4+ 29. Ka1 Bc5 30. Nc3 Bc2 31. Qf6 Rg8 32. Qf7+ Kh8 33. h7 Rf8 34. Qxg6 Bxg6 35. Rf1 Bxh7 36. g4 Be3 37. f5 exf5 38. gxf5 Rxf5 39. Rxf5 Bxf5 40. Nb5 a5 41. Nd6 Be6 42. Ne8 Bd4 43. Nc7 Bg4 44. e6 Bc5 45. Kb1 Kg8 46. Kc2 Kf8 47. Kc3 Ke7 48. a3 Kd6 49. e7 Kxe7 50. Nd5+ Kd6 51. Nf6 Bf3 52. Ne8+ Kd7 53. Nf6+ Ke7 54. Nh7 Be3 55. Kd3 Bh6 56. b4 Bh5 57. bxa5 bxa5 58. Kc4 Bg6 59. Kb5 Bxh7 60. Kxa5 Kd7 61. Kb6 Kc8 62. a4 Be3+ 63. Kc6 Bg6 64. a5 Be8+ 65. Kd5 Kb7 66. Kc4 Ka6 67. Kb4 Bd2+ 68. Kc4 Bxa5 69. Kd5 Kb6 70. Ke6 Kc6 71. Ke7 Bh5 72. Kf6 Bc3+ 73. Ke7 Bg4 74. Kf7 Kd6 75. Ke8 Ke6 76. Kd8 Be5 77. Ke8 Bf3 78. Kd8 Bb7 79. Ke8 Bc7 80. Kf8 Kf6 81. Ke8 Bc6+ 82. Kf8 Bd6+ 83. Kg8 Kg6 84. Kh8 Bb7 85. Kg8 Bd5+ 86. Kh8 Be5# 0-1


[Site "https://www.chess.com"]

[Event "Titled Tuesday Blitz February 15 Early 2022"]
[White "Sanal, Vahap"]
[Black "Atakhan, Abtin"]
[WhiteFideId "6300545"]
[BlackFideId "22502203"]
[WhiteElo "2603"]
[BlackElo "2119"]
[Result "1-0"]
[Round "11"]
[TimeControl "180+1"]
[Date "2022.02.15"]
[WhiteClock "0:01:03"]
[BlackClock "0:00:06"]

1. e4 c6 2. d3 d5 3. Nd2 e5 4. Ngf3 Bd6 5. Be2 Ne7 6. O-O O-O 7. Re1 h6 8. c3 Be6 9. Qc2 Nd7 10. Nf1 Qc7 11. Ng3 Rae8 12. Bf1 f5 13. exf5 Nxf5 14. Nxf5 Bxf5 15. g3 e4 16. Nd4 exd3 17. Qd1 Rxe1 18. Qxe1 Ne5 19. f4 Be4 20. fxe5 Bc5 21. Bf4 g5 22. Be3 Bxd4 23. cxd4 Qf7 24. Qd2 Qh5 25. Bg2 Rf3 26. Re1 Qg4 27. e6 h5 28. e7 Kf7 29. Bxg5 Ke8 30. Bf4 h4 31. h3 Qh5 32. g4 1-0


[Site "https://www.chess.com"]

[Event "Titled Tuesday Blitz February 15 Early 2022"]
[White "Sarana, Alexey"]
[Black "Jobava, Baadur"]
[WhiteFideId "24133795"]
[BlackFideId "13601520"]
[WhiteElo "2665"]
[BlackElo "2617"]
[Result "1/2-1/2"]
[Round "11"]
[TimeControl "180+1"]
[Date "2022.02.15"]
[WhiteClock "0:00:05"]
[BlackClock "0:00:14"]

1. d4 d5 2. c4 c6 3. Nf3 Nf6 4. Nc3 dxc4 5. a4 Bf5 6. e3 e6 7. Bxc4 h6 8. O-O Be7 9. Qe2 Bh7 10. e4 O-O 11. Rd1 Re8 12. Bf4 Bf8 13. a5 Nbd7 14. h3 b5 15. Bd3 a6 16. Bh2 Qc8 17. Rdc1 Qb7 18. Ne5 Rad8 19. Nxc6 Rc8 20. Ne5 Bb4 21. f3 Qa7 22. Qf2 Nc5 23. Bc2 Nb7 24. Nd3 Bxa5 25. Nxb5 Qb6 26. b4 Bxb4 27. Nxb4 axb5 28. Bd3 Na5 29. d5 Qxf2+ 30. Kxf2 Rxc1 31. Rxc1 exd5 32. Bxb5 Ra8 33. e5 Nb3 34. Re1 Nd4 35. exf6 Nxb5 36. Nxd5 Bg6 37. Be5 gxf6 38. Nxf6+ Kf8 39. Re2 Rc8 40. Rb2 Rc2+ 41. Rxc2 Bxc2 42. Ng4 h5 43. Nf6 Bg6 44. Kg3 Ke7 45. Kh4 Ke6 46. Bb2 Nd6 47. Nxh5 Nc4 48. Bd4 Kd5 49. Bf2 Ke5 50. Bg3+ Kf5 51. Nf4 Ne3 52. Bh2 Nf1 53. g4+ Kf6 54. Bg3 Nd2 55. Nd5+ Ke6 56. Nf4+ Kf6 57. Nd5+ Ke6 58. Nc7+ Kf6 59. Bd6 Nxf3+ 60. Kg3 Nd4 61. h4 Be4 62. h5 Bc6 63. Kf4 Ne2+ 64. Ke3 Nc3 65. Kd4 Nb5+ 66. Kc5 Nxc7 67. Kxc6 Ne6 68. h6 Kg6 69. Kd5 Kxh6 70. Be7 Kg6 71. Ke5 Ng7 72. Bd8 Ne6 73. Be7 Nc7 74. Ke4 Ne6 75. Ke5 1/2-1/2


[Site "https://www.chess.com"]

[Event "Titled Tuesday Blitz February 15 Early 2022"]
[White "Sargissyan, Sargis"]
[Black "Prohorov, Olexandr"]
[WhiteFideId "13303210"]
[BlackFideId "14105578"]
[WhiteElo "2174"]
[BlackElo "1993"]
[Result "0-1"]
[Round "11"]
[TimeControl "180+1"]
[Date "2022.02.15"]
[WhiteClock "0:00:01"]
[BlackClock "0:01:01"]

1. e4 c5 2. Nf3 d6 3. d4 cxd4 4. Nxd4 Nf6 5. Nc3 Nc6 6. Bg5 Qa5 7. Bxf6 gxf6 8. Nb3 Qd8 9. Qh5 Be6 10. Nd5 Rc8 11. Nf4 Bxb3 12. axb3 Nd4 13. Bc4 Rxc4 14. bxc4 Nxc2+ 15. Ke2 Nxa1 16. Qb5+ Qd7 17. Rxa1 a6 18. Qxd7+ Kxd7 19. Nd5 Bg7 20. Ra3 e6 21. Nf4 Rc8 22. Nh5 Bh8 23. b3 Rc5 24. g4 f5 25. gxf5 exf5 26. exf5 Rxf5 27. Ng3 Re5+ 28. Kf1 Kc6 29. Ra2 Re6 30. Rd2 a5 31. Rd5 Bc3 32. f3 Re1+ 33. Kf2 Rb1 34. Ne4 Bb4 35. Rh5 Rxb3 36. Rxh7 f5 0-1


[Site "https://www.chess.com"]

[Event "Titled Tuesday Blitz February 15 Early 2022"]
[White "Sarkar, Justin"]
[Black "Guseva, Marina"]
[WhiteFideId "2010011"]
[BlackFideId "4149351"]
[WhiteElo "2038"]
[BlackElo "2232"]
[Result "0-1"]
[Round "11"]
[TimeControl "180+1"]
[Date "2022.02.15"]
[WhiteClock "0:00:08"]
[BlackClock "0:00:43"]

1. e4 c5 2. Nf3 d6 3. d4 cxd4 4. Nxd4 Nf6 5. Nc3 a6 6. a3 e5 7. Nde2 Be6 8. Bg5 Nbd7 9. f4 exf4 10. Nxf4 Be7 11. Nxe6 fxe6 12. Bc4 Qa5 13. Bxf6 Bxf6 14. Qxd6 Bxc3+ 15. Ke2 Qh5+ 16. Kd3 Bxb2 17. Qxe6+ Kd8 0-1


[Site "https://www.chess.com"]

[Event "Titled Tuesday Blitz February 15 Early 2022"]
[White "Seo, Jung Min"]
[Black "Borisova, Ekaterina"]
[WhiteFideId "1734687"]
[BlackFideId "34124184"]
[WhiteElo "2401"]
[BlackElo "2034"]
[Result "0-1"]
[Round "11"]
[TimeControl "180+1"]
[Date "2022.02.15"]
[WhiteClock "0:00:00"]
[BlackClock "0:00:02"]

1. e4 c6 2. Nf3 d5 3. d3 Bg4 4. h3 Bxf3 5. Qxf3 e6 6. g3 Nd7 7. Bg2 Bd6 8. c3 Ne7 9. Nd2 O-O 10. O-O a5 11. d4 Ng6 12. h4 f5 13. exd5 exd5 14. h5 Nh8 15. Re1 Qf6 16. Nf1 Nf7 17. Bh3 g6 18. Kg2 Rae8 19. Bd2 Ng5 20. Bxg5 Qxg5 21. hxg6 hxg6 22. Qd3 Nf6 23. Nd2 Ne4 24. Nf3 Qf6 25. Kg1 Kg7 26. c4 g5 27. Bg2 Rh8 28. cxd5 g4 29. Ne5 cxd5 30. Qb5 Bxe5 31. dxe5 Qxe5 32. Qxa5 Qxb2 33. Qc7+ Kg8 34. Bxe4 dxe4 35. Rab1 Qg7 36. Rxb7 Qxc7 37. Rxc7 Rh7 38. Rc5 Rf7 39. a4 Ra8 40. a5 Kg7 41. Rb1 Kg6 42. Rb6+ Rf6 43. Rb7 Rfa6 44. Rbb5 Rf6 45. Kf1 Rd8 46. Ke2 Rd3 47. Rd5 Ra3 48. Rb6 Ra2+ 49. Ke3 Rxb6 50. axb6 Rb2 51. Rd6+ Kg5 52. Rc6 Rb3+ 53. Kd4 Rb2 54. Kc5 Rxf2 55. b7 Rc2+ 56. Kd6 Rb2 57. Kc7 Rxb7+ 58. Kxb7 e3 59. Re6 f4 60. Re5+ Kf6 61. gxf4 e2 62. Rxe2 Kf5 63. Kc6 g3 0-1


[Site "https://www.chess.com"]

[Event "Titled Tuesday Blitz February 15 Early 2022"]
[White "Shtyka, Sergey"]
[Black "Leve, Nitai"]
[WhiteFideId "4138465"]
[BlackFideId "2006898"]
[WhiteElo "2014"]
[BlackElo "2144"]
[Result "0-1"]
[Round "11"]
[TimeControl "180+1"]
[Date "2022.02.15"]
[WhiteClock "0:00:04"]
[BlackClock "0:00:08"]

1. e4 e6 2. Nf3 d5 3. e5 c5 4. b4 cxb4 5. a3 bxa3 6. Bxa3 Be7 7. d4 a6 8. Bd3 Nc6 9. O-O Nh6 10. Nc3 O-O 11. Bxe7 Nxe7 12. Nb5 Nef5 13. c3 Bd7 14. Na3 Rc8 15. Qd2 Nh4 16. Ng5 N6f5 17. Rac1 h6 18. Nh3 f6 19. f4 fxe5 20. fxe5 Qb6 21. Nc2 Bb5 22. Rb1 Qa5 23. Bxb5 axb5 24. Nb4 Rc4 25. g3 Nxg3 26. hxg3 Nf3+ 27. Rxf3 Rxf3 28. Nf4 Rxg3+ 29. Kh2 Rgxc3 30. Ng2 Qd8 31. Qf4 Qa5 32. Nxd5 exd5 33. e6 Rc7 34. Rf1 Qa8 35. Nh4 Rc2+ 36. Kh3 Qa3+ 37. Rf3 Qe7 38. Qf5 Re2 39. Ng6 Qxe6 40. Kg4 Qxf5+ 41. Rxf5 Re4+ 42. Kh5 Rf7 43. Ne7+ Rexe7 44. Kg6 Re6+ 45. Kh5 Rxf5+ 46. Kg4 g6 0-1


[Site "https://www.chess.com"]

[Event "Titled Tuesday Blitz February 15 Early 2022"]
[White "Shuvalov, Evgenij"]
[Black "Shton, Roman"]
[WhiteFideId "4187237"]
[BlackFideId "14137461"]
[WhiteElo "2119"]
[BlackElo "2038"]
[Result "0-1"]
[Round "11"]
[TimeControl "180+1"]
[Date "2022.02.15"]
[WhiteClock "0:00:12"]
[BlackClock "0:00:18"]

1. Nf3 d5 2. c4 c6 3. g3 dxc4 4. Na3 Be6 5. Qc2 Nd7 6. Ng5 Bg4 7. Nxh7 Ne5 8. Nxf8 Qd5 9. Rg1 Rxh2 10. Nh7 Nd3+ 11. Kd1 Nxf2+ 12. Ke1 Nd3+ 13. Kd1 Rh1 14. Rxh1 Qxh1 15. Qxc4 Qxf1+ 16. Kc2 Ne5 17. Qd4 Qxe2 18. Ng5 Rd8 19. Qe3 Qd1+ 20. Kc3 Rd3+ 21. Qxd3 Nxd3 22. Kxd3 Nf6 23. b3 Qf1+ 24. Kc3 Nd5+ 25. Kc2 Qf5+ 26. d3 Be2 27. Ne4 Nf6 28. Bb2 Nxe4 29. dxe4 Qxe4+ 30. Kd2 Qd3+ 31. Ke1 Bg4 32. Kf2 Qf3+ 33. Kg1 Bh3 34. Kh2 Qg2# 0-1


[Site "https://www.chess.com"]